 Dungeon Crawl Stone Soup version 0.29-a0-878-g7b45a56547 (webtiles) character file.

Game seed: 10241967090486844804

63 concernfroge the Trooper (level 3, 0/32 HPs)
             Began as a Mummy Monk on July 19, 2022.
             Slain by an iguana (13 damage)
             ... on level 2 of the Dungeon.
             The game lasted 00:05:22 (2384 turns).

concernfroge the Trooper (Mummy Monk)               Turns: 2384, Time: 00:05:23

Health: 0/32       AC:  3    Str: 16    XL:     3   Next: 87%
Magic:  3/3        EV: 12    Int:  9    God:
Gold:   129        SH:  0    Dex: 14    Spells: 2/2 levels left

rFire   x . .      SeeInvis .   a - +0 spear
rCold   + . .      Faith    .   (no shield)
rNeg    + + +      Spirit   .   b - +0 robe
rPois   ∞          Reflect  .   (no helmet)
rElec   .          Harm     .   (no cloak)
rCorr   .          Rampage  .   (no gloves)
Will    .....                   h - +0 pair of boots
Stlth   ++........              f - amulet of the acrobat
HPRegen 0.10/turn               (no ring)
MPRegen 0.08/turn               (no ring)

@: no status effects
A: cold resistance 1, negative energy resistance 3, torment resistance 2, heat
vulnerability 1, in touch with death 1, no potions
a: no special abilities


You were on level 2 of the Dungeon.
You visited 1 branch of the dungeon, and saw 3 of its levels.

You collected 129 gold pieces.

Inventory:

Hand Weapons
 a - a +0 spear (weapon)
Armour
 b - a +0 robe (worn)
 h - a +0 pair of boots (worn)
Jewellery
 f - an amulet of the acrobat (around neck)
Scrolls
 e - a scroll of fog
 g - a scroll of magic mapping
 i - 2 scrolls of noise


   Skills:
 + Level 4.8 Fighting
 - Level 2.4 Polearms
 - Level 2.4 Dodging
 - Level 1.5 Stealth


You had 2 spell levels left.
You didn't know any spells.
Your spell library contained the following spells:

 Spells                   Type           Power      Damage    Failure   Level
 Freeze                   Ice            0%         1d3       38%         1
 Frozen Ramparts          Ice            0%         1d2       77%         3
 Hailstorm                Conj/Ice       0%         3d3       99%         4


Dungeon Overview and Level Annotations

Branches:
Dungeon (3/15)

Altars:

Shops:
D:1 (


Innate Abilities, Weirdness & Mutations

You are immune to poison.
Your flesh is cold resistant. (rC+)
You are immune to negative energy. (rN+++)
You are immune to unholy pain and torment.
You are vulnerable to heat. (rF-)
You are in touch with the powers of death.
You do not drink.


Message History

The iguana bites you!
You climb upwards.
There is a stone staircase leading down here.
You hit the iguana but do no damage. You hit the iguana but do no damage.
The iguana completely misses you.
You hit the iguana but do no damage. The iguana barely misses you.
You hit the iguana.
The iguana is lightly wounded.
The iguana misses you.
You hit the iguana.
The iguana is lightly wounded.
The iguana closely misses you.
You hit the iguana.
The iguana is moderately wounded.
The iguana barely misses you.
You hit the iguana but do no damage.
The iguana is moderately wounded.
The iguana barely misses you.
You hit the iguana but do no damage.
The iguana is moderately wounded.
The iguana barely misses you.
You hit the iguana.
The iguana is heavily wounded.
The iguana barely misses you.
You hit the iguana but do no damage.
The iguana is heavily wounded.
The iguana bites you!
You hit the iguana but do no damage.
The iguana is heavily wounded.
The iguana barely misses you.
You hit the iguana but do no damage.
The iguana is heavily wounded.
The iguana bites you.
You barely miss the iguana.
The iguana is heavily wounded.
The iguana barely misses you.
You barely miss the iguana.
The iguana is heavily wounded.
The iguana bites you!
You die...

#.##.####.###..# #.# #.#.##
##...#.# #.# #.##.## ##.#.#.#
#.# #### #.###.###.##.#.# #.#
#... #.# #..#.###.#.# #.#
#.## #.# #.#.## #.#.# #.# #.#
#.###.#.####.#.# #.# ##.##
#............#.# #.# ##...#
############@#.####.####.###.
#l#...........# #.
#........####.###. #.....####
##...# #####.#########.#.
#............# ###########.##
##.# ##.


You could see an iguana.

Vanquished Creatures
  2 adders (D:2)
  A worm (D:2)
  2 dart slugs
  A hobgoblin (D:2)
  3 jackals (D:1)
  4 kobolds
  2 quokkas
  3 ball pythons
  7 bats
  9 goblins
  5 rats
39 creatures vanquished.

Notes
Turn   | Place    | Note
-------+----------+-------------------------------------------
     0 | D:1      | concernfroge the Mummy Monk began the quest for the Orb.
     0 | D:1      | Reached XP level 1. HP: 18/18 MP: 1/1
   356 | D:1      | Reached XP level 2. HP: 17/24 MP: 2/2
   480 | D:1      | Found Nupamul's Weapon Boutique.
   551 | D:1      | Found a faded altar of an unknown god.
   934 | D:1      | Reached skill level 4 in Fighting
  1121 | D:2      | Gained mutation: You are in touch with the powers of death.
                  | [Mummy growth]
  1121 | D:2      | Reached XP level 3. HP: 30/30 MP: 3/3
  2384 | D:2      | Slain by an iguana

Illustrated notes

Levels and vault maps discovered:
D:1:      dpeg_arrival_renting, layout_basic, basic_ecumenical_altar,
          serial_shops, nicolae_diamond_shop, minmay_cut_off
D:2:      layout_loops_ring
D:3:      wander_river, layout_basic

Skill      XL: |  1  2 |
---------------+-------+-----
Fighting       | 4 |  4.8
Polearms       | |  2.4
Dodging        | |  2.4
Stealth        | |  1.5

Action                   || total
-------------------------++-------
Melee: Spear             ||   198
       Punch             ||     3
  Use: Scroll            ||     3
 Stab: Sleeping          ||     9
Armor: Robe              ||    35
Dodge: Dodged            ||   105

Table legend: (Time is in decaauts)
 A = Elapsed time spent in this place.
 B = Non-inter-level travel time spent in this place.
 C = Inter-level travel time spent in this place.
 D = Time resting spent in this place.
 E = Time spent auto-exploring this place.
 F = Levels seen in this place.
 G = Mean time per level.
                   A        B        C        D        E       F      G
               +--------+--------+--------+--------+--------+-----+--------+
         Total |   2380 |   2277 |    103 |    280 |   1645 |   3 |  793.3 |
       Dungeon |   2380 |   2277 |    103 |    280 |   1645 |   3 |  793.3 |
               +--------+--------+--------+--------+--------+-----+--------+

Top non-repeatable levels by time:
     D:2: 1285 daAuts
     D:1: 1083 daAuts
     D:3: 11 daAuts
